[Event "Early-Titled-Tuesday-Blitz-May-07-2024"]
[Site "Chess.com"]
[Date "2024.05.07"]
[Round "5"]
[White "CristianS27"]
[Black "LileKoridze"]
[Result "1-0"]
[WhiteElo "2562"]
[BlackElo "2380"]
[TimeControl "180+1"]
[EndTime "8:55:14 PDT"]
[Termination "CristianS27 won by resignation"]

1. e4 c5 2. Nf3 d6 3. d4 cxd4 4. Nxd4 Nf6 5. Nc3 a6 6. Be3 e5 7. Nf3 h6 8. Bc4 Be7 9. O-O O-O 10. Bb3 Nc6 11. Qe2 Bg4 12. Rfd1 Rc8 13. h3 Bh5 14. Nd5 Nxe4 15. Bb6 Qd7 16. Qxe4 Bg6 17.
Qxg6 fxg6 18. Nf6+ Kh8 19. Nxd7 1-0

[Event "Early-Titled-Tuesday-Blitz-May-07-2024"]
[Site "Chess.com"]
[Date "2024.05.07"]
[Round "5"]
[White "stratacticos"]
[Black "SpongeBob_03"]
[Result "0-1"]
[WhiteElo "1831"]
[BlackElo "2248"]
[TimeControl "180+1"]
[EndTime "8:55:19 PDT"]
[Termination "SpongeBob_03 won by checkmate"]

1. e4 c5 2. c3 d5 3. exd5 Qxd5 4. d4 e6 5. Nf3 Nf6 6. Na3 a6 7. Bc4 Qd6 8. Be3 b5 9. Be2 cxd4 10. Nxd4 Bb7 11. Bf3 Nd5 12. O-O Qe5 13. Re1 Bxa3 14. bxa3 Nxc3 15. Qc2 Nd5 16. Bxd5 Qxd5 17. Rad1 Qxg2# 0-1

[Event "Early-Titled-Tuesday-Blitz-May-07-2024"]
[Site "Chess.com"]
[Date "2024.05.07"]
[Round "5"]
[White "jlf287"]
[Black "IM_ArthurDW08"]
[Result "1-0"]
[WhiteElo "2539"]
[BlackElo "2721"]
[TimeControl "180+1"]
[EndTime "8:55:29 PDT"]
[Termination "jlf287 won by resignation"]

1. d4 Nf6 2. Nf3 g6 3. Nbd2 c5 4. dxc5 Na6 5. a3 Nxc5 6. b4 Ne6 7.
Bb2 Bg7 8. e3 O-O 9. Be2 b6 10.
O-O Bb7 11. c4 Rc8 12. Rc1 Qc7 13. Qb3 Rfd8 14. Rfe1 Qb8 15. Qa2 Qa8 16. Qa1 d6 17. Bf1 a5 18. Nd4 Nxd4 19. Bxd4 e5 20. Bxb6 1-0

[Event "Early-Titled-Tuesday-Blitz-May-07-2024"]
[Site "Chess.com"]
[Date "2024.05.07"]
[Round "5"]
[White "yonaltimur"]
[Black "Boxerandchessplayer"]
[Result "0-1"]
[WhiteElo "2395"]
[BlackElo "2252"]
[TimeControl "180+1"]
[EndTime "8:55:39 PDT"]
[Termination "Boxerandchessplayer won by resignation"]

1. e4 e6 2. d4 d5 3. Nc3 Nf6 4. Bg5 Bb4 5. e5 h6 6. Bd2 Bxc3 7. bxc3 Ne4 8. Qg4 Kf8 9. Bd3 Nxd2 10. Kxd2 c5 11.
Nf3 Nc6 12. Qf4 c4 13. Bg6 Qe7 14. a4 Ke8 15. Nh4 Rf8 16. Qg3 Qg5+ 17. f4 Qxg3 18. hxg3 fxg6 19. Nxg6 Rg8 20. g4 Ne7 21. Nxe7 Kxe7 22.
Raf1 Rf8 23. g3 Bd7 24. a5 b6 25. a6 Rf7 0-1

[Event "Early-Titled-Tuesday-Blitz-May-07-2024"]
[Site "Chess.com"]
[Date "2024.05.07"]
[Round "5"]
[White "Zampronha1971"]
[Black "Yan_Dyomin2010"]
[Result "0-1"]
[WhiteElo "2460"]
[BlackElo "2610"]
[TimeControl "180+1"]
[EndTime "8:55:58 PDT"]
[Termination "Yan_Dyomin2010 won by resignation"]

1. e4 c5 2. Nf3 Nc6 3. d4 cxd4 4.
Nxd4 Nf6 5. Nc3 e5 6. Ndb5 d6 7.
Bg5 a6 8. Na3 b5 9. Nd5 Be7 10.
Bxf6 Bxf6 11. c3 Rb8 12. Nc2 Bg5 13. g3 O-O 14. Bg2 Be6 15. O-O Ne7 16. Nce3 Nxd5 17. Nxd5 a5 18. Qd3 Qd7 19. Rfd1 Rfc8 20. Ne3 b4 21. Qxd6 Qxd6 22. Rxd6 bxc3 23. bxc3 Bxe3 24. fxe3 Rxc3 25. Rad1 g6 26. a4 Ra3 27. Bf1 Rxa4 28. Rd8+ Rxd8 29. Rxd8+ Kg7 30. Ra8 Ra1 31. Kf2 Ra2+ 32.
Kf3 a4 33. h4 h5 34. Be2 Bg4+ 0-1

[Event "Early-Titled-Tuesday-Blitz-May-07-2024"]
[Site "Chess.com"]
[Date "2024.05.07"]
[Round "5"]
[White "doctorcristian"]
[Black "pauliukevicius"]
[Result "1-0"]
[WhiteElo "2579"]
[BlackElo "2423"]
[TimeControl "180+1"]
[EndTime "8:56:01 PDT"]
[Termination "doctorcristian won by resignation"]

1. d4 Nf6 2. Nc3 d5 3. Bf4 g6 4. Qd2 Nbd7 5. f3 c5 6. dxc5 e5 7. Bg5 d4 8. Ne4 Bxc5 9. Bxf6 Nxf6 10. Nxc5 Qb6 11. Nb3 a5 12. a4 Be6 13. e4 dxe3 14. Qc3 Nd7 15. Bb5 O-O 16. Bxd7 Bxd7 17. Qc5 Qxc5 18.
Nxc5 Bf5 19. Ne4 Rfc8 20. O-O-O b5 21. Ne2 b4 22. Rd3 Rc4 23. Rxe3 Rac8 24. c3 R8c7 25.
Rd1 Bd7 26. b3 R4c6 27. c4 f5 28. Nd6 Be6 29. Rxe5 1-0

[Event "Early-Titled-Tuesday-Blitz-May-07-2024"]
[Site "Chess.com"]
[Date "2024.05.07"]
[Round "5"]
[White "ChainedDowntohell"]
[Black "Kirillov_Andrey"]
[Result "1-0"]
[WhiteElo "2585"]
[BlackElo "2435"]
[TimeControl "180+1"]
[EndTime "8:56:03 PDT"]
[Termination "ChainedDowntohell won by resignation"]

1. d4 Nf6 2. c4 g6 3. f3 Bg7 4.
e4 d6 5. Be3 O-O 6. Ne2 c5 7. d5 a6 8. Nec3 Bd7 9. a4 b6 10. Bd3 e5 11. Nd2 Ne8 12. h4 f5 13.
h5 fxe4 14. Ndxe4 Bf5 15. g4 Bxe4 16. Bxe4 Nd7 17. hxg6 hxg6 18. Bxg6 Bf6 19. Qc2 Bh4+ 20.
Ke2 Ra7 21. Bh7+ Kh8 22. Bf2 Ndf6 23. Bg6 1-0

[Event "Early-Titled-Tuesday-Blitz-May-07-2024"]
[Site "Chess.com"]
[Date "2024.05.07"]
[Round "5"]
[White "DenisQ"]
[Black "Daaksboy"]
[Result "1-0"]
[WhiteElo "2714"]
[BlackElo "2502"]
[TimeControl "180+1"]
[EndTime "8:56:39 PDT"]
[Termination "DenisQ won by resignation"]

1. Nf3 Nf6 2. c4 g6 3. b4 Bg7 4.
Bb2 O-O 5. g3 d5 6. cxd5 Nxd5 7.
Bxg7 Kxg7 8. Qb3 Be6 9. Bg2 Nc6 10. b5 Na5 11. Qb2+ f6 12. O-O Nc4 13. Qd4 Nb4 14. Qc3 a5 15. a3 Qd6 16. d3 Nb6 17. axb4 axb4 18. Qb2 Na4 19. Qd4 b3 20. Rxa4 Rxa4 21. Qxa4 b2 22. Qc2 Qb4 23. Qxc7 Ra8 24. Qxb7 Ra1 25.
Nfd2 Ba2 26. b6 Bxb1 27. Nxb1 Qc5 28. Qc7 1-0

[Event "Early-Titled-Tuesday-Blitz-May-07-2024"]
[Site "Chess.com"]
[Date "2024.05.07"]
[Round "5"]
[White "mishanick"]
[Black "Naruto75_3"]
[Result "1-0"]
[WhiteElo "3032"]
[BlackElo "2427"]
[TimeControl "180+1"]
[EndTime "8:56:42 PDT"]
[Termination "mishanick won by checkmate"]

1. d4 d5 2. c4 c6 3. Nf3 Nf6 4. Nc3 e6 5. e3 Nbd7 6. Qc2 dxc4 7. Bxc4 Bd6 8. O-O b5 9. Bd3 Bb7 10. e4 e5 11. Bg5 exd4 12. e5 Nxe5 13. Nxe5 dxc3 14.
Rfe1 O-O 15. Bxh7+ Kh8 16. Bf5 cxb2 17. Rad1 Qa5 18.
Bxf6 gxf6 19. Qe2 Qxe1+ 20. Rxe1 fxe5 21. Qh5+ Kg7 22. Qg5+ Kh8 23. Qh6+ Kg8 24. Qh7# 1-0

[Event "Early-Titled-Tuesday-Blitz-May-07-2024"]
[Site "Chess.com"]
[Date "2024.05.07"]
[Round "5"]
[White "alpope"]
[Black "Louis-Paulsen-Fan"]
[Result "1-0"]
[WhiteElo "2528"]
[BlackElo "2355"]
[TimeControl "180+1"]
[EndTime "8:56:42 PDT"]
[Termination "alpope won by resignation"]

1. e4 Nf6 2. Nc3 e5 3. Bc4 Nc6 4. d3 Na5 5. Nge2 Nxc4 6. dxc4 Be7 7. Qd3 d6 8. Bg5 Be6 9. O-O-O Qd7 10. Bxf6 Bxf6 11.
Kb1 O-O-O 12. f3 h5 13. b3 h4 14. Nd5 Bg5 15. Nec3 c6 16. Ne3 Bxe3 17. Qxe3 f5 18. Qxa7 Qc7 19. Na4 Rde8 20. c5 dxc5 21. Nb6+ 1-0

[Event "Early-Titled-Tuesday-Blitz-May-07-2024"]
[Site "Chess.com"]
[Date "2024.05.07"]
[Round "5"]
[White "KnightDuta"]
[Black "Goffredo_Fofi"]
[Result "1-0"]
[WhiteElo "2734"]
[BlackElo "2520"]
[TimeControl "180+1"]
[EndTime "8:56:44 PDT"]
[Termination "KnightDuta won by resignation"]

1. e4 Nf6 2. e5 Nd5 3. d4 d6 4. c4 Nb6 5. exd6 exd6 6. Nc3 Nc6 7. h3 Be7 8. Nf3 O-O 9. Be2 Bf6 10. O-O Bf5 11. Be3 d5 12. cxd5 Nxd5 13. Nxd5 Qxd5 14.
Qa4 Rad8 15. Rfd1 a6 16. Rac1 Qd6 17. d5 Ne5 18. Bc5 Nxf3+ 19. Bxf3 Qe5 20. Bxf8 Rxf8 21. Qc4 Bd8 22. Qd4 Qd6 23. Qc5 Qe5 24. d6 cxd6 25. Qxd6 Qa5 26. Rc5 Qa4 27. Rxf5 1-0

[Event "Early-Titled-Tuesday-Blitz-May-07-2024"]
[Site "Chess.com"]
[Date "2024.05.07"]
[Round "5"]
[White "Manukyan_Artak"]
[Black "kidagent"]
[Result "1-0"]
[WhiteElo "2538"]
[BlackElo "2363"]
[TimeControl "180+1"]
[EndTime "8:56:44 PDT"]
[Termination "Manukyan_Artak won by resignation"]

1. e4 c6 2. d4 d5 3. e5 Bf5 4. c4 e6 5. Nc3 Ne7 6. Nf3 Nd7 7. Nh4 dxc4 8. Bxc4 Nb6 9. Bb3 Ned5 10.
Nxf5 exf5 11. O-O Be7 12. Qf3 g6 13. Bh6 Qd7 14. a4 Nxc3 15. bxc3 Nd5 16. c4 Nb4 17. d5 Na6 18. Rfe1 Nc5 19. Bc2 O-O-O 20. d6 Bf8 21. Be3 Ne6 22. Bxa7 c5 23. a5 Nd4 24. Qd1 Qc6 25. Ba4 Qa6 26. Bxc5 Ne6 27. Bb6 Bg7 28. Bb5 Qa8 29. a6 1-0

[Event "Early-Titled-Tuesday-Blitz-May-07-2024"]
[Site "Chess.com"]
[Date "2024.05.07"]
[Round "5"]
[White "penguingm1"]
[Black "BogdanDeac"]
[Result "0-1"]
[WhiteElo "2918"]
[BlackElo "3103"]
[TimeControl "180+1"]
[EndTime "8:56:45 PDT"]
[Termination "BogdanDeac won by resignation"]

1. d4 d5 2. Nf3 Nf6 3. Bf4 c5 4. e3 Nc6 5. Nbd2 Nh5 6. Be5 e6 7. c4 cxd4 8. Bxd4 Nxd4 9. Nxd4 Nf6 10. cxd5 Nxd5 11. Bb5+ Bd7 12. Bxd7+ Qxd7 13. O-O Be7 14. Nc4 O-O 15. Rc1 Rac8 16. Qe2 Bf6 17. Nf3 Qa4 18. b3 Qa6 19. Rc2 Nc3 20. Qd2 Rfd8 21. Nd4 Nb5 22.
Qa5 Qxa5 23. Nxa5 Nxd4 24. Rxc8 Ne2+ 0-1

[Event "Early-Titled-Tuesday-Blitz-May-07-2024"]
[Site "Chess.com"]
[Date "2024.05.07"]
[Round "5"]
[White "Aleksandar-Topalov"]
[Black "PawnEatingZombie"]
[Result "1-0"]
[WhiteElo "2400"]
[BlackElo "2226"]
[TimeControl "180+1"]
[EndTime "8:56:54 PDT"]
[Termination "Aleksandar-Topalov won by resignation"]

1. b3 c5 2. Bb2 Nc6 3. Nf3 d6 4. d4 cxd4 5. Nxd4 Nf6 6. c4 g6 7. Nc3 Bg7 8. e3 O-O 9. Be2 Bd7 10. O-O a6 11. Rc1 Rc8 12. Bf3 Qb6 13. Qd2 Qa7 14. Nxc6 bxc6 15. c5 d5 16. Na4 Bg4 17. Nb6 Bxf3 18.
Nxc8 Rxc8 19. gxf3 a5 20. Kg2 a4 21. b4 a3 22. Bc3 Nd7 23. Bxg7 Kxg7 24. b5 Nxc5 25.
bxc6 Rxc6 26. Qxd5 Qc7 27. Rc3 e6 28. Qd4+ e5 29.
Qd5 Qe7 30. Qxc6 Qg5+ 31. Kh1 1-0

[Event "Early-Titled-Tuesday-Blitz-May-07-2024"]
[Site "Chess.com"]
[Date "2024.05.07"]
[Round "5"]
[White "rikchessmx"]
[Black "agvega14"]
[Result "1-0"]
[WhiteElo "2393"]
[BlackElo "2181"]
[TimeControl "180+1"]
[EndTime "8:56:57 PDT"]
[Termination "rikchessmx won on time"]

1. e4 c5 2. Nf3 a6 3. d4 cxd4 4. Nxd4 Nf6 5. Nc3 e5 6. Nb3 d6 7. Bd3 Be6 8. O-O Be7 9. f4 Qc7 10.
f5 Bc4 11. Bg5 Nbd7 12. Qf3 h6 13. Bh4 b5 14. Nd2 Nb6 15. Rac1 Rc8 16. b3 Bxd3 17.
cxd3 Qb7 18. Ne2 O-O 19. Bf2 d5 20. g4 dxe4 21. Nxe4 Nbd5 22. h4 Qa8 23. g5 Nxe4 24. dxe4 Nb4 25. f6 Bd6 26. fxg7 Kxg7 27. Qf6+ 1-0

[Event "Early-Titled-Tuesday-Blitz-May-07-2024"]
[Site "Chess.com"]
[Date "2024.05.07"]
[Round "5"]
[White "viditchess"]
[Black "Nitzan_Steinberg"]
[Result "1-0"]
[WhiteElo "3126"]
[BlackElo "2928"]
[TimeControl "180+1"]
[EndTime "8:56:58 PDT"]
[Termination "viditchess won by resignation"]

1. d4 d5 2. Nf3 Nf6 3. Bf4 e6 4.
e3 Bd6 5. Nbd2 O-O 6. Bd3 c5 7. c3 Qc7 8. Bxd6 Qxd6 9. Ne5 b6 10. Qe2 a5 11. f4 Ba6 12. Bxa6 Nxa6 13. g4 Ne4 14.
Nxe4 dxe4 15. g5 Nc7 16. Rd1 Nd5 17. dxc5 Qxc5 18. Rd4 Rfd8 19. Kf2 b5 20. Rhd1 Qb6 21. Rxe4 b4 22. c4 Ne7 23. Red4 Rxd4 24. Rxd4 Nf5 25.
Rd7 Rd8 26. c5 Qb8 27. Nc6 1-0

[Event "Early-Titled-Tuesday-Blitz-May-07-2024"]
[Site "Chess.com"]
[Date "2024.05.07"]
[Round "5"]
[White "Grandelicious"]
[Black "juanchesst"]
[Result "1-0"]
[WhiteElo "2899"]
[BlackElo "2665"]
[TimeControl "180+1"]
[EndTime "8:57:02 PDT"]
[Termination "Grandelicious won by resignation"]

1. c4 Nf6 2. Nc3 c5 3. Nf3 Nc6 4. e3 e6 5. d4 cxd4 6. exd4 d5 7. c5 Be7 8. Bb5 O-O 9. O-O Ne4 10. Re1 f5 11.
Bxc6 bxc6 12. Ne5 Bd7 13. f3 Nxc3 14. bxc3 Rb8 15. Bf4 Rb5 16. a4 Rb7 17. Rb1 Qc8 18.
Qd3 Bf6 19. Rxb7 Qxb7 20. Rb1 Qc8 21. h3 g5 22. Nxd7 Qxd7 23. Bd6 Rf7 24. a5 Kg7 25. a6 Qd8 26. Rb7 Qa5 27. Kh2 Qa2 28. Qb1 Qxa6 29. Rxf7+ Kxf7 30. Qb8 h5 31. Qf8+ Kg6 32.
Qe8+ Kg7 33. Bf8+ Kg8 34. Be7+ Kg7 35. Qf8+ 1-0

[Event "Early-Titled-Tuesday-Blitz-May-07-2024"]
[Site "Chess.com"]
[Date "2024.05.07"]
[Round "5"]
[White "GM_dmitrij"]
[Black "AlexeiShirov"]
[Result "1/2-1/2"]
[WhiteElo "3047"]
[BlackElo "2853"]
[TimeControl "180+1"]
[EndTime "8:57:06 PDT"]
[Termination "Game drawn by repetition"]

1. e4 e5 2. Nf3 Nc6 3. Bb5 f5 4. d3 fxe4 5. dxe4 Nf6 6. O-O Bc5 7.
Bxc6 bxc6 8. Nxe5 O-O 9. Nc3 Qe8 10. Nd3 Bd4 11. Ne2 Bb6 12. e5 Ng4 13. Bf4 Ba6 14. Bg3 Bxd3 15. cxd3 Nxe5 16. d4 Ng6 17. Qd3 Qf7 18.
b3 Ne7 19. Rad1 Nd5 20. Nc3 Nf4 21. Qc4 Qxc4 22. bxc4 Ba5 23. Bxf4 Rxf4 24. Ne2 Re4 25. Ng3 Rf4 26. Ne2 Re4 27. Ng3 Rf4 28. Ne2 1/2-1/2

[Event "Early-Titled-Tuesday-Blitz-May-07-2024"]
[Site "Chess.com"]
[Date "2024.05.07"]
[Round "5"]
[White "Aminazinas"]
[Black "Chessbard1972"]
[Result "1-0"]
[WhiteElo "2642"]
[BlackElo "2342"]
[TimeControl "180+1"]
[EndTime "8:57:07 PDT"]
[Termination "Aminazinas won by resignation"]

1. e4 e5 2. Nf3 Nc6 3. d4 exd4 4. Nxd4 Bc5 5. Be3 Qf6 6. c3 Nge7 7. g3 d5 8. Bg2 dxe4 9. Nb5 O-O 10. Bxc5 Rd8 11.
Qe2 Qe5 12. Be3 Bg4 13. Qxg4 Qxb5 14. Qe2 Qd5 15. Nd2 f5 16. Qc4 Ne5 17. Qxd5+ Rxd5 18. O-O-O Nd3+ 19. Kc2 Rad8 20. Nxe4 fxe4 21. Bxe4 Ne5 22.
Bxd5+ Nxd5 23. Bf4 Ng6 24. c4 Ngxf4 25. gxf4 Nb4+ 26.
Kc3 Nc6 27. Rxd8+ Nxd8 28. Rd1 Ne6 29. Rd7 g6 30. Re7 Nxf4 31. Rxc7 Nh3 32. Rxb7 Nxf2 33.
c5 Ne4+ 34. Kd4 Nf6 35. Ke5 Ne8 36. c6 1-0

[Event "Early-Titled-Tuesday-Blitz-May-07-2024"]
[Site "Chess.com"]
[Date "2024.05.07"]
[Round "5"]
[White "RamonManon0g"]
[Black "besarquis"]
[Result "1-0"]
[WhiteElo "2453"]
[BlackElo "2262"]
[TimeControl "180+1"]
[EndTime "8:57:08 PDT"]
[Termination "RamonManon0g won by resignation"]

1. e4 e5 2. Nf3 Nc6 3. Bc4 Bc5 4. c3 Nf6 5. d4 exd4 6. e5 d5 7. Bb5 Ne4 8. cxd4 Bb6 9. Nc3 Bg4 10. Be3 O-O 11. h3 Bh5 12. Qc2 f5 13. exf6 Nxf6 14. Bxc6 bxc6 15. Ne5 c5 16. dxc5 Ba5 17. Bd4 Bxc3+ 18.
bxc3 Ne4 19. O-O Qg5 20. f3 Ng3 21. Rfe1 Rae8 22. Nd7 Rxe1+ 23. Rxe1 Rc8 24. Be3 Qf5 25. Qxf5 Nxf5 26. Bf4 Rd8 27. c6 Ne7 28. Rxe7 1-0

[Event "Early-Titled-Tuesday-Blitz-May-07-2024"]
[Site "Chess.com"]
[Date "2024.05.07"]
[Round "5"]
[White "OppieZippy"]
[Black "cycygogne"]
[Result "0-1"]
[WhiteElo "2357"]
[BlackElo "2173"]
[TimeControl "180+1"]
[EndTime "8:57:10 PDT"]
[Termination "cycygogne won by resignation"]

1. Nf3 c5 2. g3 g6 3. Bg2 Bg7 4. O-O Nc6 5. c4 e5 6. d3 Nge7 7. Nc3 O-O 8. a3 d5 9. cxd5 Nxd5 10. Nxd5 Qxd5 11. Be3 Qd6 12. Rc1 b6 13. b4 cxb4 14.
Nd2 Bb7 15. axb4 Rac8 16. Qa4 Ba8 17. Nc4 Qe6 18. b5 Nd4 19. Bxa8 Nxe2+ 20. Kg2 Rxa8 21. Rce1 Qd5+ 22. f3 Nc3 23. Qc2 Nxb5 24. Kg1 Nd4 25. Qf2 b5 26. Bxd4 exd4 27. Nd2 a5 28. Rb1 a4 29. Ne4 a3 30. Rb4 Rfc8 31. Ra1 f5 32.
Ng5 h6 33. Nh3 Rc3 34. Nf4 Qc6 35. Rbb1 Kh7 36. h4 a2 37. Rd1 Rc2 38. Qe1 Qxf3 39. Rd2 Rxd2 40. Qxd2 Qxg3+ 41. Kf1 Qf3+ 42. Kg1 Be5 43.
Rxa2 Bxf4 44. Qb2 Be3+ 45. Kh2 Qf4+ 46. Kh1 Qxh4+ 47. Kg2 Qg4+ 48. Kh2 Bf4+ 49. Kh1 Qh3+ 50. Kg1 Be3+ 0-1

[Event "Early-Titled-Tuesday-Blitz-May-07-2024"]
[Site "Chess.com"]
[Date "2024.05.07"]
[Round "5"]
[White "howitzer14"]
[Black "Blackwhite017"]
[Result "1-0"]
[WhiteElo "3014"]
[BlackElo "2109"]
[TimeControl "180+1"]
[EndTime "8:57:11 PDT"]
[Termination "howitzer14 won by checkmate"]

1. d4 f5 2. Nc3 e6 3. e4 fxe4 4. Nxe4 Nf6 5. Bd3 Be7 6. Nf3 O-O 7. O-O b6 8. Nxf6+ Bxf6 9. Be4 d5 10. Bd3 c5 11. c3 cxd4 12. cxd4 Nc6 13. Bxh7+ Kxh7 14. Qc2+ Kg8 15. Qxc6 Bd7 16. Qd6 Be7 17. Qg3 Rc8 18. Bh6 Bf6 19. Rac1 Qe7 20. a3 Rxc1 21. Rxc1 Rc8 22. h4 Rxc1+ 23. Bxc1 Be8 24. Bg5 Bh5 25. Bxf6 Qxf6 26. Qb8+ Kh7 27. Ng5+ Kg6 28. Qe8+ Kh6 29. Qh8+ Kg6 30. Qh7# 1-0

[Event "Early-Titled-Tuesday-Blitz-May-07-2024"]
[Site "Chess.com"]
[Date "2024.05.07"]
[Round "5"]
[White "kyawmyataung2005"]
[Black "mortngabriel"]
[Result "0-1"]
[WhiteElo "2296"]
[BlackElo "2501"]
[TimeControl "180+1"]
[EndTime "8:57:13 PDT"]
[Termination "mortngabriel won by checkmate"]

1. e4 c5 2. Nf3 Nc6 3. d4 cxd4 4. Nxd4 Nf6 5. Nc3 e5 6. Ndb5 d6 7. Bg5 a6 8. Na3 b5 9. Bxf6 gxf6 10. Nd5 Bg7 11. c3 f5 12. Bd3 Ne7 13. Nxe7 Qxe7 14. exf5 e4 15. Bc2 O-O 16. O-O Bxf5 17. Re1 Rfe8 18.
Qd5 Bg6 19. Nb1 b4 20. Re3 Bh6 21. Re2 e3 22. Bxg6 exf2+ 23. Rxf2 Qe1+ 24. Rf1 Be3+ 25. Kh1 Qxf1# 0-1

[Event "Early-Titled-Tuesday-Blitz-May-07-2024"]
[Site "Chess.com"]
[Date "2024.05.07"]
[Round "5"]
[White "Suleyman_Chess06"]
[Black "zsizsi99"]
[Result "1-0"]
[WhiteElo "2793"]
[BlackElo "2527"]
[TimeControl "180+1"]
[EndTime "8:57:14 PDT"]
[Termination "Suleyman_Chess06 won by resignation"]

1. Nf3 Nf6 2. g3 b5 3. Bg2 Bb7 4. d4 e6 5. O-O Be7 6. a4 b4 7. c4 bxc3 8. Nxc3 O-O 9. Bf4 Na6 10. Rc1 Rb8 11. Nb5 Bc6 12. Nxa7 Bxf3 13. Bxf3 Rxb2 14. Qd3 Rb6 15. a5 Nb4 16. axb6 Nxd3 17. bxc7 Nxc1 18. Rxc1 d5 19. cxd8=Q Bxd8 20. Bd6 Re8 21. Rc8 g5 22. Nc6 Bb6 23. Rxe8+ Nxe8 24. Be7 f6 25. e3 h6 26. Bh5 Ng7 27. Bg6 f5 28. Ne5 h5 29.
Bxg5 Kf8 30. Nd7+ 1-0

[Event "Early-Titled-Tuesday-Blitz-May-07-2024"]
[Site "Chess.com"]
[Date "2024.05.07"]
[Round "5"]
[White "biveklama"]
[Black "ChristopherYoo"]
[Result "0-1"]
[WhiteElo "2539"]
[BlackElo "3007"]
[TimeControl "180+1"]
[EndTime "8:57:15 PDT"]
[Termination "ChristopherYoo won by resignation"]

1. e4 e5 2. Nf3 Nc6 3. Bc4 Nf6 4. d3 a6 5. O-O h6 6. c3 d6 7. Bb3 g6 8. Re1 Bg7 9. h3 O-O 10. Nbd2 Re8 11. Nf1 d5 12. Bd2 Be6 13. Qc1 Kh7 14. Ng3 Qd7 15. exd5 Bxd5 16. Ne4 Bxb3 17. axb3 Qxd3 18.
Nxf6+ Bxf6 19. Bxh6 e4 20. Bg5 Bg7 21. Nh2 Ne5 22.
Qe3 f5 23. Bf4 Qxe3 24. Rxe3 Nd3 25. Bxc7 Nxb2 26. Rb1 Nd3 27. c4 Bd4 28. Re2 a5 29. Nf1 f4 30. Nd2 Nxf2 31. Rxf2 Bxf2+ 32. Kxf2 e3+ 33. Kf3 exd2 34. Rd1 Re3+ 35. Kxf4 Rxb3 36. Rxd2 Rf8+ 37. Kg5 Rf7 38. Be5 Rf5+ 39. Kg4 Rxe5 40. Rd7+ Kh6 0-1

[Event "Early-Titled-Tuesday-Blitz-May-07-2024"]
[Site "Chess.com"]
[Date "2024.05.07"]
[Round "5"]
[White "RebecaJimnz"]
[Black "GMT4114"]
[Result "1-0"]
[WhiteElo "2296"]
[BlackElo "1970"]
[TimeControl "180+1"]
[EndTime "8:57:15 PDT"]
[Termination "RebecaJimnz won by resignation"]

1. e4 e6 2. d3 c5 3. g3 Nc6 4. Bg2 g6 5. Nc3 Bg7 6. Be3 d6 7. Qd2 Nge7 8. Bh6 O-O 9. h4 b5 10. h5 b4 11. Nd1 Nd4 12. hxg6 fxg6 13. Bxg7 Kxg7 14. Qh6+ Kf7 15. Qxh7+ Ke8 16. Ne3 Kd7 17. f4 Bb7 18. Ne2 Nxe2 19. Kxe2 Kc8 20. Nc4 Nc6 21. Qxg6 Qe7 22. Rh7 Qe8 23. Nxd6+ 1-0

[Event "Early-Titled-Tuesday-Blitz-May-07-2024"]
[Site "Chess.com"]
[Date "2024.05.07"]
[Round "5"]
[White "Chess23Wizzard"]
[Black "Cheer_Down"]
[Result "1-0"]
[WhiteElo "2684"]
[BlackElo "2477"]
[TimeControl "180+1"]
[EndTime "8:57:16 PDT"]
[Termination "Chess23Wizzard won by resignation"]

1. Nf3 d5 2. e4 e6 3. exd5 exd5 4. d4 Nf6 5. Bd3 c5 6. c3 Nc6 7.
dxc5 Bxc5 8. O-O O-O 9. Bg5 h6 10. Bh4 g5 11. Bg3 Ne4 12. Nbd2 f5 13. b4 Nxc3 14.
Qb3 Bxb4 15. Ne5 a5 16. Nxc6 bxc6 17. a3 Ne4 18. Nxe4 fxe4 19. Bxe4 Be7 20. Rad1 Be6 21.
Rfe1 Qd7 22. Qc2 Bxa3 23. Bh7+ Kh8 24. Be5+ 1-0

[Event "Early-Titled-Tuesday-Blitz-May-07-2024"]
[Site "Chess.com"]
[Date "2024.05.07"]
[Round "5"]
[White "kacperkarwowski"]
[Black "chessdjw"]
[Result "0-1"]
[WhiteElo "2527"]
[BlackElo "2768"]
[TimeControl "180+1"]
[EndTime "8:57:16 PDT"]
[Termination "chessdjw won by resignation"]

1. e4 e5 2. Nf3 Nc6 3. d4 exd4 4.
Nxd4 Bc5 5. Nb3 Bb6 6. Nc3 Nf6 7. Qe2 d6 8. Bg5 h6 9. Bh4 Be6 10. O-O-O Qe7 11. f3 O-O-O 12. Qe1 g5 13. Bg3 Rhe8 14. Bb5 Nh5 15. Bxc6 bxc6 16. Nd4 Bd7 17. Bf2 Nf4 18. Rg1 f5 19. Nxf5 Bxf5 20. Bxb6 axb6 21. exf5 Qxe1 22. Rdxe1 Rxe1+ 23. Rxe1 Nxg2 24. Re6 Rf8 25. Ne4 Nh4 26.
Rxh6 Rxf5 27. Rxd6 cxd6 28. Nxd6+ Kd7 29. Nxf5 Nxf5 30.
Kd1 Nd4 0-1

[Event "Early-Titled-Tuesday-Blitz-May-07-2024"]
[Site "Chess.com"]
[Date "2024.05.07"]
[Round "5"]
[White "svilson23"]
[Black "VD_coach"]
[Result "1-0"]
[WhiteElo "2311"]
[BlackElo "2594"]
[TimeControl "180+1"]
[EndTime "8:57:19 PDT"]
[Termination "svilson23 won by resignation"]

1. d4 Nf6 2. Bg5 g6 3. Bxf6 exf6 4. e3 Bg7 5. g3 O-O 6. Bg2 d5 7. Ne2 c6 8. O-O Nd7 9. b3 Nb6 10. Nd2 Bg4 11. h3 Bf5 12. c4 Bd3 13. c5 Nd7 14. Re1 Re8 15. Nf4 Bf5 16. g4 Be6 17. b4 Nf8 18. a4 a6 19. Qb3 f5 20. gxf5 Bxf5 21.
b5 axb5 22. axb5 Rxa1 23. Rxa1 Bh6 24. Ne2 Qh4 25. Nf3 Qh5 26. Ng3 1-0

[Event "Early-Titled-Tuesday-Blitz-May-07-2024"]
[Site "Chess.com"]
[Date "2024.05.07"]
[Round "5"]
[White "alexrustemov"]
[Black "FREDERICKtheMATE"]
[Result "1/2-1/2"]
[WhiteElo "2944"]
[BlackElo "2706"]
[TimeControl "180+1"]
[EndTime "8:57:24 PDT"]
[Termination "Game drawn by repetition"]

1. d4 Nf6 2. c4 e6 3. Nf3 d5 4.
cxd5 exd5 5. Nc3 c6 6. Bf4 Bf5 7. e3 Nbd7 8. h3 h6 9. Bd3 Bxd3 10. Qxd3 Be7 11. O-O O-O 12. Rab1 a5 13. Qc2 Re8 14. Rfc1 Bf8 15. a3 Re6 16. Ne5 Nxe5 17. Bxe5 Nd7 18. Bf4 Bd6 19. Bxd6 Rxd6 20. Na4 Rg6 21. Qf5 Rf6 22. Qg4 Rg6 23. Qf3 Rf6 24. Qg3 Rg6 25. Qf4 Rf6 26. Qh2 Rg6 27. Nc5 Nxc5 28. Rxc5 a4 29.
b4 axb3 30. Rxb3 b5 31. Rbc3 Ra6 32. Qf4 Re6 33. Qf5 Qa8 34. Qd3 g6 35. h4 h5 36. g3 Kg7 37. Kg2 Ra4 38. Qc2 Rc4 39. Qb3 Rf6 40. Qb2 Qa4 41. Qc1 Re6 42. Qb2 Rf6 43.
Qc1 Re6 44. Qb2 Rf6 1/2-1/2

[Event "Early-Titled-Tuesday-Blitz-May-07-2024"]
[Site "Chess.com"]
[Date "2024.05.07"]
[Round "5"]
[White "Ruchess27"]
[Black "Nf3c5"]
[Result "0-1"]
[WhiteElo "2455"]
[BlackElo "2607"]
[TimeControl "180+1"]
[EndTime "8:57:27 PDT"]
[Termination "Nf3c5 won by resignation"]

1. d4 Nf6 2. Nf3 g6 3. g3 Bg7 4.
Bg2 O-O 5. O-O d6 6. c4 c6 7. Nc3 Qa5 8. e4 e5 9. h3 exd4 10.
Nxd4 Qc5 11. Nb3 Qb4 12. Bf4 Ne8 13. Rc1 Nd7 14. a3 Qxc4 15. Nd5 Qb5 16. Ne7+ Kh8 17. Bxd6 Nxd6 18. Qxd6 Qxb3 19. Nxc8 Ne5 20. Ne7 Rad8 21. Qc5 Nd3 22. Qg5 Nxc1 23. Rxc1 Rd7 0-1